 Dungeon Crawl Stone Soup version 0.31.0-12-g77e489cdc1 (webtiles) character file.

Game seed: 9525510778465799587

48 ChrisAssaf the Charlatan (level 3, -4/26 HPs)
             Began as a Human Artificer on Feb 15, 2024.
             Killed by nerve-wracking pain
             ... invoked by an orc priest
              (11 damage)
             ... on level 3 of the Dungeon.
             The game lasted 00:02:22 (486 turns).

ChrisAssaf the Charlatan (Human Artificer)           Turns: 486, Time: 00:02:22

Health: -4/26      AC:  3    Str: 12    XL:     3   Next: 72%
Magic:  3/3        EV: 11    Int: 13    God:
Gold:   11         SH:  0    Dex: 13    Spells: 2/2 levels left

rFire   . . .        a - +0 club
rCold   . . .        (no shield)
rNeg    . . .        b - +0 leather armour
rPois   .            (no helmet)
rElec   .            (no cloak)
rCorr   +            (no gloves)
SInv    .            (no boots)
Will    .....        (no amulet)
Stlth   +            f - ring of resist corrosion
HPRegen 0.24/turn    (no ring)
MPRegen 0.08/turn

%: no passive effects
@: no status effects
A: explore regen
a: no special abilities


You were on level 3 of the Dungeon.
You visited 1 branch of the dungeon, and saw 3 of its levels.

You collected 11 gold pieces.

Inventory:

Hand Weapons
 a - a +0 club (weapon)
Armour
 b - a +0 leather armour (worn)
Jewellery
 f - a ring of resist corrosion (left hand)
Wands
 c - a wand of flame (9) (quivered)
 d - a wand of charming (10)
 e - a wand of iceblast (2)
Potions
 g - a potion of attraction {unknown}
 i - a potion of cancellation


   Skills:
 * Level 1.3 Fighting
 * Level 0.6 Maces & Flails
 * Level 2.2 Armour
 * Level 1.3 Dodging
 * Level 1.3 Stealth
 * Level 3.9 Evocations


You had 2 spell levels left.
You didn't know any spells.
Your spell library was empty.

Dungeon Overview and Level Annotations

Branches:
Dungeon (3/15)

Altars:


Innate Abilities, Weirdness & Mutations

You regain HP and MP as you explore.


Message History

The orc priest looks satisfied for a moment.
An orc comes into view. It is wielding a +0 short sword.
Aiming: Charm
Press: ? - help, Shift-Dir - straight line, f/p - orc priest
Aim: an orc priest, wielding a +0 club (chance to affect: 59%)
The orc priest resists with significant effort.
The orc shouts!
The bat hits you but does no damage.
You hear some strange, mumbled words.
Something tries to affect you, but you resist.
The orc priest hits you with a +0 club. The bat hits you.
Aiming: Charm
Press: ? - help, Shift-Dir - straight line, f/p - orc priest
Aim: an orc priest, wielding a +0 club (chance to affect: 59%)
The orc priest is charmed.
The bat barely misses you.
You hear some strange, mumbled words.
Something tries to affect you, but you resist.
You swap places.
The bat closely misses your orc priest.
The orc priest completely misses your orc priest.
The orc priest hits you with a +0 hand axe.
* * * LOW HITPOINT WARNING * * *
What are your orders? t - Shout!
Orders for allies: a - Attack new target. p - Attack previous target. r - Retreat! s - Stop attacking. g - Guard the area. f - Follow me.
Anything else - Cancel.
Gang up on whom?
Press: ? - help, Dir - move target, f - orc priest, p - orc priest
Aim: an orc priest, wielding a +0 hand axe and wearing a +0 chain mail
Okay, then.
Aiming: Charm
Press: ? - help, Shift-Dir - straight line, f - orc priest, p - orc priest
Aim: an orc priest, wielding a +0 hand axe and wearing a +0 chain mail (chance to affect: 59%)
The orc priest resists with significant effort.
You hear some strange, mumbled words.
Your orc priest appears confused.
The orc priest mumbles some strange prayers to Beogh against you.
Pain shoots through your body!
You die...

....... #.#..# .......
#.#..#
.......########.#..##
..................<.#
........#######...#.####
.......o# #.............
#.....ob# #.#...###.#...
#.....{o###.#.....<...##.
#####+#o@.............#
#.###.....#.#...#
####..#.#.#......
.....#.#.#######
#...####.#.# ...## ..#.#
.. ###.# . .# .#


You could see an orc priest, 2 orcs, a bat and a friendly orc priest (charmed,
confused).

Vanquished Creatures
  3 adders
  A ribbon worm (D:2)
  A ball python (D:3)
  4 endoplasms
  2 hobgoblins
  2 jackals (D:1)
  2 quokkas (D:2)
  A bat (D:2)
  2 frilled lizards (D:1)
18 creatures vanquished.

Notes
Turn   | Place    | Note
-------+----------+-------------------------------------------
     0 | D:1      | ChrisAssaf the Human Artificer began the quest for the Orb.
     0 | D:1      | Reached XP level 1. HP: 15/15 MP: 1/1
   128 | D:1      | Reached XP level 2. HP: 21/21 MP: 2/2
   353 | D:2      | Reached XP level 3. HP: 9/26 MP: 3/3
   486 | D:3      | Killed from afar by an orc priest

Illustrated notes

Levels and vault maps discovered:
D:1:      mainiacjoe_arrival_reflecting_pool, layout_basic, serial_curves,
          eino_curves_04, eino_curves_04, st_stairs_7
D:2:      layout_loops_ring, nrook_uturn, minivault_25
D:3:      layout_basic, ebering_ecumenical_altar_mist, uniq_robin

Action                     || total
---------------------------++-------
  Melee: Club              ||    53
         Punch             ||     2
  Evoke: Wand              ||    14
    Use: Potion            ||     2
   Stab: Sleeping          ||     1
 Armour: Leather armour    ||    56
  Dodge: Dodged            ||    41
